 Dungeon Sprint DCSS version 0.20.1-1-g8b1a95d (webtiles) character file.

125 Kingsmith the Skirmisher (level 5, 26/36 HPs)
             Began as a Gargoyle Fighter on Dec 12, 2017.
             Was an Initiate of the Shining One.
             Got out of the dungeon alive.
             The game lasted 00:01:19 (192 turns).

Kingsmith the Skirmisher (Gargoyle Fighter)          Turns: 192, Time: 00:01:19

Health: 26/36      AC: 17    Str: 19    XL:     5   Next: 9%
Magic:  5/5        EV:  5    Int:  9    God:    the Shining One [......]
Gold:   0          SH: 10    Dex: 10    Spells: 4/4 levels left

rFire    . . .     SeeInvis .   o - +2 scimitar (flame)
rCold    . . .     Gourm    .   c - +0 shield
rNeg     + . .     Faith    .   q - +0 plate armour {ponderous}
rPois    ∞         Spirit   .   (no helmet)
rElec    +         Reflect  .   p - +0 cloak
rCorr    .         Harm     .   (no gloves)
MR       .....     NoTele   +   (no boots)
Stlth    ..........             (no amulet)
Regen    0.2/turn               (no ring)
MPRegen  0.1/turn               (no ring)

@: glowing, slow
A: negative energy resistance 1, electricity resistance, unbreathing,
petrification resistance, rot immunity, AC +4
a: Renounce Religion


You escaped.
You worshipped the Shining One.
The Shining One was noncommittal.
You were not hungry.

You visited 1 branch

Inventory:

Hand Weapons
 o - a +2 scimitar of flaming (weapon)
Armour
 b - a +0 scale mail
 c - a +0 shield (worn)
 p - a +0 cloak (worn)
 q - a +0 plate armour of ponderousness (worn)
Jewellery
 r - a +3 ring of strength
 s - a +2 ring of evasion
Wands
 n - a wand of acid (7/15)
Scrolls
 j - 3 scrolls of remove curse
 k - 2 scrolls of blinking
 m - 2 scrolls of amnesia
Potions
 d - a potion of might
 e - 2 potions of heal wounds
 g - 4 potions of curing
 h - a potion of haste
 i - 4 potions of magic
Comestibles
 f - a bread ration
 l - 6 chunks of flesh


   Skills:
 * Level 6.0 Fighting
 * Level 4.4 Long Blades
 * Level 5.7 Armour
 + Level 2.4 Dodging
 * Level 5.9 Shields


You had 4 spell levels left.
You didn't know any spells.

Dungeon Overview and Level Annotations

Branches:
Dungeon (1/1)

Altars:
Cheibriados
Dithmenos
Elyvilon
Fedhas
Gozag
Hepliaklqana
Kikubaaqudgha
Makhleb
Nemelex Xobeh
Okawaru
Qazlal
Ru
Sif Muna
Trog
Uskayaw
Vehumet
Xom
Yredelemnul
Zin
The Shining One
Beogh
Jiyva
Lugonu


Innate Abilities, Weirdness & Mutations

You are resistant to torment.
Your stone body is resilient. (AC +4)
You are immune to poison.
You resist negative energy. (rN+)
You are resistant to electric shocks. (rElec)
You can survive without breathing.
You are immune to petrification.
You are immune to rotting.


Message History

There is a corrupted altar of Lugonu here.
There is an ancient bone altar of Kikubaaqudgha here.
There is a viscous altar of Jiyva here.
There is a hazy altar of Hepliaklqana here.
There is an opulent altar of Gozag here.
There is a blossoming altar of Fedhas here.
There is a white marble altar of Elyvilon here.
There is a shadowy altar of Dithmenos here.
There is a snail-covered altar of Cheibriados here.
There is a roughly hewn altar of Beogh here.
There is an open door to the Temple here.
There is an open door, spattered with blood here.
Things that are here:
a dagger; a robe; a giant club
There is an open door to the Dungeon here.
Things that are here:
a club; a goblin skeleton; a bat skeleton
There is a staircase leading out of the dungeon here.
Are you sure you want to leave the Dungeon?
This will make you lose the game!
You have escaped!

▓.▓
▓.▓
▓.▓
▓.▓
▓)▓
▓.▓
▓.▓
▓.▓
▓@▓
▓▓▓


There were no monsters in sight!

Vanquished Creatures
  An ogre (D)
  An orc wizard (D)
  An adder zombie (D)
  An adder skeleton (D)
  A dart slug (D)
  2 goblins (D)
  2 bats (D)
  A leopard gecko skeleton (D)
10 creatures vanquished.

Notes
Turn   | Place    | Note
-------+----------+-------------------------------------------
     0 | D        | Kingsmith the Gargoyle Fighter began the quest for the Orb.
     0 | D        | Reached XP level 1. HP: 14/14 MP: 1/1
    13 | D        | Reached XP level 2. HP: 16/20 MP: 2/2
    24 | D        | Noticed an ogre
    31 | D        | Killed an ogre
    31 | D        | Reached skill level 5 in Fighting
    31 | D        | Reached skill level 5 in Armour
    31 | D        | Reached skill level 5 in Shields
    31 | D        | Reached XP level 3. HP: 12/26 MP: 3/3
    31 | D        | Reached XP level 4. HP: 14/31 MP: 4/4
    67 | D        | Reached skill level 6 in Fighting
    67 | D        | Reached XP level 5. HP: 10/36 MP: 5/5
    76 | D        | Found a roughly hewn altar of Beogh.
    76 | D        | Found a snail-covered altar of Cheibriados.
    76 | D        | Found a shadowy altar of Dithmenos.
    76 | D        | Found a white marble altar of Elyvilon.
    76 | D        | Found a blossoming altar of Fedhas.
    76 | D        | Found an opulent altar of Gozag.
    77 | D        | Found a hazy altar of Hepliaklqana.
    78 | D        | Found a viscous altar of Jiyva.
    79 | D        | Found an ancient bone altar of Kikubaaqudgha.
    80 | D        | Found a corrupted altar of Lugonu.
    81 | D        | Found a burning altar of Makhleb.
    82 | D        | Found a sparkling altar of Nemelex Xobeh.
    83 | D        | Found an iron altar of Okawaru.
    84 | D        | Found a stormy altar of Qazlal.
    85 | D        | Found a sacrificial altar of Ru.
    86 | D        | Found a deep blue altar of Sif Muna.
    87 | D        | Found a bloodstained altar of Trog.
    88 | D        | Found a hide-covered altar of Uskayaw.
    89 | D        | Found a radiant altar of Vehumet.
    91 | D        | Found a shimmering altar of Xom.
    92 | D        | Found a basalt altar of Yredelemnul.
    93 | D        | Found a glowing silver altar of Zin.
    94 | D        | Found a glowing golden altar of the Shining One.
   105 | D        | Became a worshipper of the Shining One
   192 | D        | Got out of the dungeon alive.

Skill      XL: |  1  2  3  4 |
---------------+-------------+-----
Long Blades    | 2 3 4 |  4.4
Fighting       | 5 6 |  6.0
Armour         | 5 |  5.7
Dodging        | 2 |  2.4
Shields        | 5 |  5.9

Action                   |  1- 3 |  4- 6 || total
-------------------------+-------+-------++-------
Melee: Long sword        |    15 |    35 ||    50
  Use: Potion            |     2 |     1 ||     3
Armor: Scale mail        |    10 |    20 ||    30
Dodge: Dodged            |     1 |     6 ||     7
Block: Shield            |     2 |    23 ||    25
       Rpst.: Long sword |       |     1 ||     1
